 Dungeon Crawl Stone Soup version 0.25-a0-322-g3677130 (webtiles) character file.

Game seed: 6281330686085210835, levelgen mode: deterministic

183056 Nelgraf the Fighter (level 17, 0/137 HPs)
             Began as a Demonspawn Gladiator on Dec 26, 2019.
             Was an Elder of Qazlal.
             Slain by a merfolk
             ... wielding a +1 trident of flaming
              (4 damage)
             ... on level 3 of the Shoals on Dec 28, 2019.
             The game lasted 02:23:14 (38972 turns).

Nelgraf the Fighter (Demonspawn Gladiator)         Turns: 38972, Time: 02:23:16

Health: 0/137      AC: 15    Str: 18    XL:     17   Next: 36%
Magic:  27/27      EV: 21    Int: 11    God:    Qazlal [****..]
Gold:   1755       SH: 11    Dex: 20    Spells: 24/26 levels left

rFire    . . .     SeeInvis +   D - +5 long sword of Abuse {freeze, *Drain rC+ Stlth+}
rCold    . . .     Gourm    .   P - +0 buckler
rNeg     + . .     Faith    .   H - +3 ring mail "Dats" {+Inv +Fly rPois Slay+2}
rPois    +         Spirit   .   (helmet unavailable)
rElec    .         Reflect  .   V - +2 cloak
rCorr    .         Harm     .   (gloves unavailable)
MR       +++..                  Y - +0 pair of boots
Stlth    +.........             g - amulet of the acrobat
HPRegen  0.32/turn              S - +3 ring of strength
MPRegen  0.20/turn              M - ring "Vanoqimp" {rC- rN+ MR++}

@: afraid, repel missiles, very slow
A: antennae 3, claws 3, hooves 1, powered by death 3, rot immunity
}: 1/15 runes: gossamer
a: Upheaval, Elemental Force, Renounce Religion, Evoke Invisibility, Evoke
Flight


You were on level 3 of the Shoals.
You worshipped Qazlal.
Qazlal was greatly pleased with you.
You were not hungry.

You visited 6 branches of the dungeon, and saw 31 of its levels.

You collected 2890 gold pieces.
You spent 1135 gold pieces at shops.


Innate Abilities, Weirdness & Mutations

You have a pair of large antennae on your head. (SInv)
You have claws for hands.
You have large cloven feet.
You regenerate a lot of health from kills.
You are immune to rotting.


   Skills:
 + Level 13.6 Fighting
 + Level 12.7 Long Blades
   Level 1.7 Bows
 - Level 3.0 Throwing
 + Level 12.4 Armour
 + Level 12.7 Dodging
 - Level 4.3 Shields
 - Level 5.2 Spellcasting
 - Level 5.3 Translocations
 + Level 13.5 Invocations
 + Level 9.7 Evocations


You had 24 spell levels left.
You knew the following spells:

 Your Spells              Type           Power        Failure   Level  Hunger
I - Blink                 Tloc           N/A          5%          2    ##.....

Your spell library contained the following spells:

 Spells                   Type           Power        Failure   Level  Hunger
 Gell's Gravitas          Tloc           ##........   11%         3    ###....
 Animate Skeleton         Necr           N/A          32%         1    None
 Confusing Touch          Hex            #.....       32%         1    None
 Corona                   Hex            #......      32%         1    None
 Freeze                   Ice            #...         32%         1    None
 Magic Dart               Conj           #...         32%         1    None
 Pain                     Necr           #...         32%         1    None
 Summon Small Mammal      Summ           #...         32%         1    None
 Passage of Golubria      Tloc           N/A          34%         4    ####...
 Call Imp                 Summ           #.......     43%         2    ##.....
 Corpse Rot               Necr/Air       N/A          43%         2    ##.....
 Ensorcelled Hibernation  Hex/Ice        #.....       43%         2    ##.....
 Passwall                 Tmut/Erth      #.......     43%         2    ##.....
 Poisonous Vapours        Pois/Air       #.....       43%         2    ##.....
 Slow                     Hex            #.......     43%         2    ##.....
 Swiftness                Chrm/Air       #.......     43%         2    ##.....
 Confuse                  Hex            #.......     67%         3    ###....
 Conjure Flame            Conj/Fire      #.......     67%         3    ###....
 Dazzling Flash           Conj/Hex       #.....       67%         3    ###....
 Mephitic Cloud           Conj/Pois/Air  #.......     67%         3    ###....
 Ozocubu's Armour         Chrm/Ice       #.......     67%         3    ###....
 Regeneration             Chrm/Necr      #.........   67%         3    ###....
 Stone Arrow              Conj/Erth      #.....       67%         3    ###....
 Summon Guardian Golem    Hex/Summ       #.......     67%         3    ###....
 Tukima's Dance           Hex            #.......     67%         3    ###....
 Vampiric Draining        Necr           #.........   67%         3    ###....
 Summon Forest            Summ/Tloc      #.........   96%         5    ######.
 Animate Dead             Necr           N/A          97%         4    ####...
 Hailstorm                Conj/Ice       #.......     97%         4    ####...
 Petrify                  Tmut/Erth      #.......     97%         4    ####...
 Summon Ice Beast         Ice/Summ       #.......     97%         4    ####...
 Aura of Abjuration       Summ           #.........   100%        5    ######.
 Bolt of Magma            Conj/Fire/Erth #.........   100%        5    ######.
 Iskenderun's Battlesphe  Conj/Chrm      #.......     100%        5    ######.
 Lee's Rapid Deconstruct  Erth           #.........   100%        5    ######.
 Metabolic Englaciation   Hex/Ice        #.........   100%        5    ######.
 Yara's Violent Unravell  Hex/Tmut       #.........   100%        5    ######.
 Darkness                 Hex            #.........   100%        6    #######
 Eringya's Noxious Bog    Tmut/Pois      #.........   100%        6    #######
 Freezing Cloud           Conj/Ice/Air   #.........   100%        6    #######
 Hydra Form               Tmut           #.........   100%        6    #######
 Invisibility             Hex            #.......     100%        6    #######
 Iron Shot                Conj/Erth      #.........   100%        6    #######
 Shadow Creatures         Summ           N/A          100%        6    #######
 Orb of Destruction       Conj           #.........   100%        7    #######
 Ring of Flames           Chrm/Fire      #.........   100%        7    #######
 Spellforged Servitor     Conj/Summ      #.........   100%        7    #######
 Summon Hydra             Summ           #.........   100%        7    #######

Inventory:

Hand Weapons
 D - the +5 long sword of Abuse (weapon) {freeze, *Drain rC+ Stlth+}
   (You bought it in a shop on level 5 of the Dungeon)

   It has been specially enchanted to freeze those struck by it, causing extra
   injury to most foes and up to half again as much damage against particularly
   susceptible opponents.
   It can also slow down cold-blooded creatures.
   It protects you from cold.
   It causes draining when unequipped.
   It makes you more stealthy.
Missiles
 n - 670 arrows
 o - 1052 stones
 t - a throwing net {=f}
 Q - 5 curare-tipped darts (quivered) {=f}
Armour
 m - the +7 Kryia's mail coat {PotionHeal*2 rC+}
   (You found it on level 10 of the Dungeon)

   It protects you from cold.
 H - the +3 ring mail "Dats" (worn) {+Inv +Fly rPois Slay+2}
   (You found it on level 2 of the Lair of Beasts)

   It affects your accuracy and damage with ranged weapons and melee attacks
   (+2).
   It protects you from poison.
   It lets you turn invisible.
   It lets you fly.
 P - a +0 buckler (worn)
 V - a +2 cloak (worn)
 Y - a +0 pair of boots (worn)
Jewellery
 g - an amulet of the acrobat (around neck)
 F - an uncursed ring of protection from fire
 L - the amulet of Awinaof {Gourm rN+}
   (You found it on level 1 of the Shoals)

   [amulet of the gourmand]

   It allows you to eat raw meat even when not hungry.
   It protects you from negative energy.
 M - the ring "Vanoqimp" (right claw) {rC- rN+ MR++}
   (You found it on level 5 of the Lair of Beasts)

   [ring of positive energy]

   It makes you vulnerable to cold.
   It protects you from negative energy.
   It affects your resistance to hostile enchantments.
 N - an uncursed ring of positive energy
 R - an uncursed ring of resist corrosion
 S - a +3 ring of strength (left claw)
 T - a cursed -2 ring of strength
 W - an uncursed ring of fire
Wands
 a - a wand of digging (6)
 l - a wand of flame (13)
 p - a wand of scattershot (3)
 r - a wand of enslavement (21)
 x - a wand of iceblast (33)
 A - a wand of acid (23)
 I - a wand of paralysis (5)
 U - a wand of random effects (20)
 Z - a wand of disintegration (6)
Scrolls
 b - 3 scrolls of enchant weapon
 c - 3 scrolls of fear
 e - 7 scrolls of identify {@r1}
 i - 7 scrolls of fog
 j - a scroll of torment {unknown}
 u - 7 scrolls of teleportation {@r4}
 w - 2 scrolls of enchant armour
 y - 19 scrolls of remove curse {@r2}
 z - 6 scrolls of magic mapping
 X - 4 scrolls of blinking
Potions
 h - 2 potions of cancellation
 k - 2 potions of invisibility
 q - 5 potions of lignification {!q}
 s - 3 potions of heal wounds {@q2}
 v - 8 potions of curing {@q1}
 B - 6 potions of haste {@q3}
 C - 6 potions of mutation {!q}
 E - a potion of flight
 G - 4 potions of agility
 K - 8 potions of ambrosia
 O - a potion of might
Miscellaneous
 d - a lamp of fire
Comestibles
 f - 4 chunks of flesh
 J - 27 rations

Dungeon Overview and Level Annotations

Branches:
Dungeon (15/15)            Temple (1/1) D:5            Lair (6/6) D:9
 Shoals (3/4) Lair:4       Spider (4/4) Lair:2        Slime (0/5) Lair:6
    Orc (2/2) D:10            Elf (0/3) Orc:2        Vaults (0/5) D:13
 Depths (0/5) D:15

Altars:
Ashenzari
Cheibriados
Dithmenos
Elyvilon
Fedhas
Gozag
Hepliaklqana
Kikubaaqudgha
Makhleb
Okawaru
Qazlal
Sif Muna
Vehumet
Wu Jian
Yredelemnul
The Shining One
Beogh

Shops:
D:4 *   D:5 (   D:9 (:[   Orc:1 }   Orc:2 :[(%

Annotations:
D:7 1 runed translucent door, grandjackal's ghost, novice OpTm
D:15 Roxanne
Lair:6 exclusion: 3 oklob plants

.≈≈≈≈≈. ≈≈≈≈≈≈≈
[......#.≈≈≈≈≈≈
..........≈≈≈≈≈
..........≈≈≈≈≈
.≈.........≈≈≈≈
≈≈.....ct§..≈≈≈
≈....°SH§○..≈≈≈
#@H§..≈≈≈
#Hm≈..≈≈≈
.mH≈..≈≈≈
...≈≈≈≈≈≈≈
....≈≈≈≈≈≈≈
......≈≈≈≈≈≈
.....≈≈≈≈≈≈≈≈
##....≈≈≈≈≈≈≈≈


You could see a satyr, a sea snake, a snapping turtle, a merfolk, a water nymph
and 4 harpies.


Message History

* * * LOW HITPOINT WARNING * * *
You block the harpy's attack. x2; The harpy claws you but does no damage. x2
The harpy is struck by lightning.
The harpy claws you.
* * * LOW HITPOINT WARNING * * *
The harpy closely misses you. The water nymph completely misses you.
The harpy claws you!
* * * LOW HITPOINT WARNING * * *
The harpy misses you. You block the sea snake's attack. The merfolk misses you.
The satyr unwields a +0 quarterstaff.
The satyr wields a +0 fustibalus.
The satyr shoots a sling bullet.
You block the sling bullet.
You hear a splash.
The snapping turtle barely misses you.
You hear an angry hiss.
You hear a shout! x2
You feel much better.
The harpy screeches!
The harpy claws you.
* * * LOW HITPOINT WARNING * * *
You block the harpy's attack. The harpy claws you.
* * * LOW HITPOINT WARNING * * *
The harpy claws you.
* * * LOW HITPOINT WARNING * * *
You block the harpy's attack. x2; The sea snake closely misses you.
The water nymph touches you. The water nymph drowns you!
* * * LOW HITPOINT WARNING * * *
The harpy misses you. You block the harpy's attack.
The merfolk is struck by lightning.
The merfolk hits you from afar with a +1 trident of flaming!
* * * LOW HITPOINT WARNING * * *
The merfolk burns you.
You die...

Skill      XL: |  1  2  3  4  5  6  7  8  9 10 11 12 13 14 15 16 17 |
---------------+----------------------------------------------------+-----
Long Blades    | 3 4 5 6 8 9 10 11 12 | 12.7
Dodging        | 3 4 5 6 8 9 10 11 12 | 12.7
Armour         | 1 2 3 5 6 7 8 9 10 11 12 | 12.4
Fighting       | 3 4 6 7 8 9 10 11 12 13 | 13.6
Throwing       | 2 3 |  3.0
Bows           | 1 |  1.7
Invocations    | 4 7 9 11 12 13 | 13.5
Evocations     | 2 5 6 8 9 |  9.7
Shields        | 3 4 |  4.3
Translocations | 2 4 5 |  5.3
Spellcasting   | 2 4 5 |  5.2

Action                   |  1- 3 |  4- 6 |  7- 9 | 10-12 | 13-15 | 16-18 || total
-------------------------+-------+-------+-------+-------+-------+-------++-------
Melee: Long sword        |   120 |   213 |   413 |   632 |  1343 |   951 ||  3672
       Kick              |       |       |   188 |   326 |   556 |       ||  1070
Throw: Stone             |       |     4 |    13 |       |       |       ||    17
       Throwing net      |       |       |     4 |     1 |       |       ||     5
 Cast: Blink             |       |       |       |       |     1 |       ||     1
Invok: Disaster Area     |       |       |       |       |     4 |     8 ||    12
       Upheaval          |       |       |       |       |     1 |     6 ||     7
 Abil: Evoke Flight      |       |       |       |     1 |       |       ||     1
       Evoke Invisibilit |       |       |       |       |     1 |       ||     1
       Evoke Berserk Rag |       |       |       |       |     3 |       ||     3
Evoke: Wand              |       |       |       |       |     9 |     1 ||    10
       Lamp of fire      |       |       |       |       |     1 |       ||     1
  Use: Potion            |     1 |     1 |     6 |     3 |     2 |     5 ||    18
       Scroll            |       |     4 |     5 |    11 |    12 |     8 ||    40
 Stab: Distracted        |       |       |       |       |       |     1 ||     1
  Eat: Chunk             |     1 |    10 |    14 |    25 |    36 |    12 ||    98
       Ration            |       |       |     1 |     1 |     3 |     5 ||    10
Armor: Leather armour    |    40 |     6 |       |       |       |       ||    46
       Ring mail         |       |    63 |   117 |   158 |   458 |   287 ||  1083
Dodge: Dodged            |   103 |   167 |   366 |   581 |  1092 |  1044 ||  3353
       Deflected         |       |       |       |     4 |    26 |    41 ||    71
Block: Other             |       |       |    12 |   136 |    81 |       ||   229
       Buckler           |       |       |       |       |   754 |   904 ||  1658
       Rpst.: Long sword |    40 |    52 |   107 |   172 |   231 |   160 ||   762

Levels and vault maps discovered:
D:1:      lightli_arrival_flooded_house, layout_basic
D:2:      layout_basic, old_standard_altar, serial_forest,
          infiniplex_forest_corner_1, infiniplex_forest_clump_long,
          infiniplex_forest_straight_2, infiniplex_forest_clump_medium,
          infiniplex_forest_zigzag_1, infiniplex_forest_clump_diagonal,
          minmay_tetromino_i2
D:3:      layout_basic, first_ration, minmay_snake_closets, uniq_terence,
          uniq_robin, uniq_grinder
D:4:      kennysheep_big_flooded_room, layout_cave_pods, serial_shops, shop
D:5:      black_bear_nest_2, layout_loops_corners, minmay_temple_entry_waves,
          serial_shops, nicolae_shop_stone, kb_lookout_dungeons_type
D:6:      layout_gridville, serial_rivers, chequers_serial_rivers_room_b,
          chequers_serial_rivers_marsh, chequers_serial_rivers_room_b,
          chequers_serial_rivers_small_b, chequers_serial_rivers_micro_e,
          chequers_serial_rivers_micro_a, minmay_chambers_of_fives
D:7:      layout_basic, lemuel_round_altar, ebering_ghost_reflecting_pool
D:8:      layout_layer_cave, grunt_temple_overflow_holy_war,
          hangedman_little_slice_of_home, hangedman_minor_gate_pass, uniq_erica,
          uniq_gastronok
D:9:      layout_roguey, amethyst_overflow_temple_binary, dpeg_oklobed_lair,
          basic_altar, serial_shops, shop, kennysheep_mini_moat,
          kennysheep_little_box
D:10:     layout_layer_cave, orc_david_3, david_defended_altar_elf, uniq_sonja
D:11:     layout_loops_ring, minmay_checkerbox
D:12:     layout_long_grid, minmay_misc_feat_rugged, uniq_rupert, uniq_maurice
D:13:     layout_loops_corners, david_vaults_5, uniq_azrael
D:14:     layout_basic, minmay_misc_feat_chi, okawaru_ov_weapons_minmay,
          uniq_agnes
D:15:     grunt_enter_depths_hoard, layout_gridville, grunt_decor_mini_mirrors,
          uniq_roxanne
Temple:   eino_temple_rhombus
Lair:1:   layout_chaotic_city, roderic_batcave
Lair:2:   layout_cave_pods, nicolae_spider_entry_orb_guardian,
          grunt_megastairs_3, serial_bayou_shore_b
Lair:3:   layout_cave_pods, uniq_snorg
Lair:4:   layout_roguey, minmay_shoals_entry_beasts, minmay_stone_trees_medium,
          kennysheep_basilisk_garden
Lair:5:   layout_layer_cave
Lair:6:   gammafunk_lair_ancient_temple, layout_regular_city,
          minmay_slime_entry_oklob_open, infiniplex_staircase_pool_2
Shoals:1: layout_shoals, nicolae_shoals_drake_roost
Shoals:2: layout_shoals, centaur_isle
Shoals:3: layout_shoals, uniq_polyphemus
Spider:1: layout_spider_delve
Spider:2: layout_spider_delve, hangedman_spider_tarantella_strand,
          nicolae_spider_cling_ruins
Spider:3: layout_spider_delve, nicolae_looking_at_the_future
Spider:4: grunt_spider_rune_parallel, nicolae_spider_webs_and_nodes
Orc:1:    layout_caves, serial_shops, shop, portal_ice_cave_entry_pillars_1,
          nicolae_orc_sculptors_studio
Orc:2:    grunt_orc_community_town_hall, layout_caves,
          grunt_orc_community_big_house_1, grunt_orc_community_big_house_2,
          grunt_orc_community_house_1, grunt_orc_community_house_3,
          grunt_orc_community_house_3, grunt_orc_community_house_3,
          uniq_jorgrun, uniq_urug

Notes
Turn   | Place    | Note
-------+----------+-------------------------------------------
     0 | D:1      | Nelgraf the Demonspawn Gladiator began the quest for the
                  | Orb.
     0 | D:1      | Reached XP level 1. HP: 16/16 MP: 1/1
    61 | D:1      | Gained mutation: You regenerate a little health from kills.
                  | [demonic ancestry]
    61 | D:1      | Reached XP level 2. HP: 22/22 MP: 2/2
   134 | D:1      | Reached skill level 3 in Long Blades
   355 | D:1      | Reached skill level 3 in Dodging
   480 | D:1      | Reached skill level 1 in Armour
   480 | D:1      | Reached XP level 3. HP: 26/28 MP: 3/3
   722 | D:2      | Found a hazy altar of Hepliaklqana.
  1091 | D:2      | Gained mutation: You regenerate health from kills. [demonic
                  | ancestry]
  1091 | D:2      | Reached XP level 4. HP: 27/34 MP: 4/4
  1778 | D:3      | Noticed Robin
  2213 | D:2      | Killed Robin
  2213 | D:2      | Reached skill level 3 in Fighting
  2447 | D:3      | Reached XP level 5. HP: 37/41 MP: 5/5
  2491 | D:3      | Reached skill level 2 in Armour
  2805 | D:3      | Noticed Grinder
  3066 | D:3      | Paralysed by Grinder for 3 turns
  3188 | D:3      | Killed Grinder
  3188 | D:3      | Reached skill level 4 in Long Blades
  3188 | D:3      | Reached skill level 4 in Dodging
  3188 | D:3      | You feel monstrous as your demonic heritage exerts itself.
  3188 | D:3      | Gained mutation: You have a pair of small antennae on your
                  | head. [demonic ancestry]
  3188 | D:3      | Reached XP level 6. HP: 27/48 MP: 6/6
  3500 | D:3      | Noticed Terence
  3524 | D:3      | Killed Terence
  3655 | D:4      | Reached skill level 4 in Fighting
  3655 | D:4      | Reached skill level 3 in Armour
  4207 | D:4      | Gained mutation: You have large cloven feet. [demonic
                  | ancestry]
  4207 | D:4      | Reached XP level 7. HP: 29/54 MP: 7/7
  4311 | D:4      | Found Piocu's Assorted Antiques.
  4816 | D:4      | Reached skill level 2 in Throwing
  5782 | D:5      | Entered Level 5 of the Dungeon
  5839 | D:5      | Found Ceris's Antique Weapon Emporium.
  6245 | D:5      | Reached XP level 8. HP: 48/61 MP: 8/8
  6371 | D:5      | Found a staircase to the Ecumenical Temple.
  6396 | Temple   | Entered the Ecumenical Temple
  6409 | Temple   | Became a worshipper of Qazlal Stormbringer
  6632 | D:5      | Reached skill level 3 in Throwing
  6792 | D:5      | Reached skill level 5 in Long Blades
  6792 | D:5      | Reached skill level 5 in Dodging
  6815 | D:5      | Reached skill level 5 in Fighting
  6815 | D:5      | Reached skill level 4 in Armour
  7448 | D:6      | Noticed a manticore
  7501 | D:6      | Killed a manticore
  7849 | D:6      | Reached skill level 5 in Armour
  7850 | D:6      | Reached skill level 6 in Fighting
  7850 | D:6      | Reached XP level 9. HP: 54/69 MP: 9/9
  8049 | D:6      | Reached * piety under Qazlal
  8193 | D:5      | Bought a brightly glowing long sword for 187 gold pieces
  8193 | D:5      | Identified the cursed +2 long sword "Qecw" {speed, Int+5}
                  | (You bought it in a shop on level 5 of the Dungeon)
  8272 | D:6      | Reached skill level 6 in Long Blades
  8272 | D:6      | Reached skill level 6 in Dodging
  8845 | D:7      | Found a runed translucent door.
  8846 | D:7      | Noticed grandjackal's ghost (novice OpTm)
  9161 | D:7      | Found a shimmering blue altar of Sif Muna.
  9172 | D:7      | Reached skill level 7 in Fighting
  9172 | D:7      | Reached skill level 1 in Bows
  9172 | D:7      | Reached skill level 6 in Armour
  9484 | D:8      | Noticed Erica
  9519 | D:8      | Gained mutation: You have sharp fingernails. [demonic
                  | ancestry]
  9519 | D:8      | Reached XP level 10. HP: 76/79 MP: 10/10
  9535 | D:8      | Reached ** piety under Qazlal
  9535 | D:8      | Reached skill level 7 in Long Blades
  9535 | D:8      | Reached skill level 7 in Dodging
  9966 | D:8      | Killed Erica
 10132 | D:8      | Found a glowing golden altar of the Shining One.
 10137 | D:8      | Found a basalt altar of Yredelemnul.
 10139 | D:8      | Noticed a profane servitor
 10258 | D:8      | Noticed Gastronok
 10591 | D:8      | Killed Gastronok
 10591 | D:8      | Reached skill level 8 in Fighting
 10591 | D:8      | Reached skill level 8 in Long Blades
 10591 | D:8      | Reached skill level 7 in Armour
 10591 | D:8      | Reached skill level 8 in Dodging
 11237 | D:9      | Found a staircase to the Lair.
 11630 | D:9      | Reached XP level 11. HP: 87/87 MP: 11/11
 11847 | D:5      | Bought a translucent long sword for 187 gold pieces
 11849 | D:5      | Identified the +5 long sword of Abuse {freeze, *Drain rC+
                  | Stlth+} (You bought it in a shop on level 5 of the Dungeon)
 12302 | Lair:1   | Entered Level 1 of the Lair of Beasts
 12307 | Lair:1   | Reached *** piety under Qazlal
 12610 | Lair:1   | Reached skill level 9 in Fighting
 12916 | Lair:1   | Reached skill level 8 in Armour
 13736 | Lair:2   | Noticed a six-headed hydra
 13787 | Lair:1   | Upgraded the game from 0.25-a0-317-g5f8687b to
                  | 0.25-a0-322-g3677130
 14031 | Lair:1   | Reached skill level 1 in Invocations
 14159 | Lair:2   | Got a smelly ring mail
 14170 | Lair:2   | Identified the +3 ring mail "Dats" {+Inv +Fly rPois Slay+2}
                  | (You found it on level 2 of the Lair of Beasts)
 14191 | Lair:2   | Identified the Incunabulum of Earth and Summoning
 14334 | Lair:2   | Reached skill level 2 in Invocations
 15123 | Lair:3   | Reached skill level 9 in Long Blades
 15123 | Lair:3   | Reached skill level 3 in Invocations
 15185 | Lair:3   | Reached skill level 9 in Dodging
 15270 | Lair:3   | Reached **** piety under Qazlal
 15509 | Lair:3   | Noticed Snorg
 15578 | Lair:2   | Reached skill level 4 in Invocations
 15828 | Lair:3   | Killed Snorg
 16189 | Lair:4   | Gained mutation: You regenerate a lot of health from kills.
                  | [demonic ancestry]
 16189 | Lair:4   | Reached XP level 12. HP: 91/97 MP: 15/15
 16347 | Lair:4   | Reached skill level 10 in Fighting
 16347 | Lair:4   | Reached skill level 5 in Invocations
 16353 | Lair:4   | Reached skill level 9 in Armour
 16374 | Lair:4   | Found a staircase to the Shoals.
 16926 | Lair:4   | Reached skill level 6 in Invocations
 17109 | Lair:5   | Reached skill level 1 in Evocations
 17123 | Lair:5   | Got a pitted granite ring
 17125 | Lair:5   | Identified the ring "Vanoqimp" {rC- rN+ MR++} (You found it
                  | on level 5 of the Lair of Beasts)
 17327 | Lair:5   | Reached ***** piety under Qazlal
 17360 | Lair:5   | Reached skill level 10 in Long Blades
 17360 | Lair:5   | Reached skill level 2 in Evocations
 17368 | Lair:5   | Reached skill level 7 in Invocations
 17626 | Lair:5   | Reached skill level 10 in Dodging
 17847 | Lair:6   | Entered Level 6 of the Lair of Beasts
 17991 | Lair:6   | Noticed a six-headed hydra
 17999 | Lair:6   | Found a staircase to the Slime Pits.
 18082 | Lair:6   | Gained mutation: You are immune to rotting. [demonic
                  | ancestry]
 18082 | Lair:6   | Reached XP level 13. HP: 104/104 MP: 18/18
 18105 | Lair:6   | Reached skill level 3 in Evocations
 18309 | Lair:6   | Reached skill level 8 in Invocations
 18369 | Lair:6   | Reached skill level 11 in Fighting
 18372 | Lair:6   | Reached skill level 10 in Armour
 18437 | Lair:5   | Reached skill level 4 in Evocations
 18650 | Lair:6   | Reached skill level 9 in Invocations
 19198 | Lair:6   | Got a steaming battleaxe
 19214 | Lair:6   | Identified the +6 battleaxe of Ru's Supremacy {speed,
                  | +Rage} (You found it on level 6 of the Lair of Beasts)
 20100 | Lair:2   | Found a hole to the Spider Nest.
 20217 | D:9      | Found Todyizyc's Book Boutique.
 20297 | D:9      | Found Jomumebb's Weapon Emporium.
 20368 | D:9      | Found Dixt's Armour Shoppe.
 20373 | D:9      | Bought the +2 hat of the Bear Spirit {Spirit, +Rage rN+
                  | MR++} for 430 gold pieces
 20373 | D:9      | Found the +2 hat of the Bear Spirit {Spirit, +Rage rN+
                  | MR++}
 20492 | D:9      | Bought a +0 buckler for 49 gold pieces
 20565 | D:9      | Found a basalt altar of Yredelemnul.
 20587 | D:9      | Found a radiant altar of Vehumet.
 20597 | D:9      | Found a shattered altar of Ashenzari.
 20673 | D:10     | Entered Level 10 of the Dungeon
 20675 | D:10     | Found the +7 Kryia's mail coat {PotionHeal*2 rC+}
 20676 | D:10     | Noticed Sonja
 20677 | D:10     | Found a staircase to the Orcish Mines.
 20702 | D:9      | Reached skill level 5 in Evocations
 20853 | D:10     | Killed Sonja
 21181 | D:10     | Gained mutation: You have very sharp fingernails. [demonic
                  | ancestry]
 21181 | D:10     | Reached XP level 14. HP: 113/113 MP: 21/21
 21869 | D:10     | Got a scorched leather armour
 22065 | D:10     | Found a shadowy altar of Dithmenos.
 22275 | D:11     | Reached ****** piety under Qazlal
 22285 | D:11     | Reached skill level 1 in Shields
 22326 | D:11     | Identified the +3 leather armour "Bietu" {-Tele Regen+
                  | Dex+4 SInv} (You found it on level 10 of the Dungeon)
 22874 | Orc:1    | Entered Level 1 of the Orcish Mines
 23030 | Orc:1    | Found Vaqyprio's Gadget Emporium.
 23135 | Orc:2    | Entered Level 2 of the Orcish Mines
 23135 | Orc:2    | Noticed Urug
 23152 | Orc:2    | Killed Urug
 23263 | Orc:2    | Found a roughly hewn altar of Beogh.
 23315 | Orc:2    | Noticed Jorgrun
 23326 | Orc:2    | Killed Jorgrun
 23326 | Orc:2    | Reached skill level 11 in Long Blades
 23326 | Orc:2    | Reached skill level 11 in Dodging
 23326 | Orc:2    | Reached skill level 2 in Shields
 23352 | Orc:2    | Reached skill level 10 in Invocations
 23634 | Orc:2    | Found a roughly hewn altar of Beogh.
 23642 | Orc:2    | Noticed an orc warlord
 23672 | Orc:2    | Killed an orc warlord
 23675 | Orc:2    | Reached skill level 6 in Evocations
 23997 | Orc:2    | Found Hoytuiz's Antique Armour Shop.
 23999 | Orc:2    | Found a roughly hewn altar of Beogh.
 24000 | Orc:2    | Found Qoastracwe's Antique Weapon Boutique.
 24046 | Orc:2    | Found a roughly hewn altar of Beogh.
 24063 | Orc:2    | Found Ponepn's Book Boutique.
 24093 | Orc:2    | Found a staircase to the Elven Halls.
 24287 | Orc:2    | Found a roughly hewn altar of Beogh.
 24290 | Orc:2    | Found Zuwugh's Food Shoppe.
 24295 | Orc:2    | Bought a ration for 55 gold pieces
 24295 | Orc:2    | Bought a ration for 55 gold pieces
 24365 | Orc:2    | Bought a pair of glowing gloves for 172 gold pieces
 24884 | D:12     | Noticed Maurice
 24902 | D:11     | Killed Maurice
 24960 | D:12     | Noticed Rupert
 25133 | D:12     | Reached skill level 3 in Shields
 25236 | D:12     | Killed Rupert
 25236 | D:12     | Reached skill level 12 in Fighting
 25681 | D:13     | Reached skill level 11 in Armour
 25783 | D:13     | Noticed Azrael
 25810 | D:13     | Killed Azrael
 25830 | D:13     | Got a dazzling chain mail
 25832 | D:13     | Identified the +1 chain mail of the Salamander {rF++ MR-
                  | rCorr Int+2} (You found it on level 13 of the Dungeon)
 26399 | D:13     | Reached skill level 11 in Invocations
 26439 | D:13     | Gained mutation: You have a pair of antennae on your head.
                  | [demonic ancestry]
 26439 | D:13     | Reached XP level 15. HP: 107/121 MP: 19/23
 26603 | D:13     | Found a gate to the Vaults.
 26715 | D:13     | Got a smoking spear
 26716 | D:13     | Identified the +9 spear "Rihazec" {venom, MR+} (You found
                  | it on level 13 of the Dungeon)
 26770 | D:14     | Reached skill level 7 in Evocations
 26777 | D:14     | Reached skill level 4 in Shields
 26883 | D:14     | Noticed Agnes
 26892 | D:14     | Killed Agnes
 27323 | D:14     | Found an iron altar of Okawaru.
 27441 | D:14     | Learned a level 2 spell: Blink
 27474 | D:15     | Entered Level 15 of the Dungeon
 27474 | D:15     | Identified Roxanne's Disquisition on Stones
 27474 | D:15     | Noticed Roxanne
 27991 | D:15     | Reached skill level 1 in Translocations
 28010 | D:15     | Reached skill level 1 in Spellcasting
 28435 | D:15     | Found a staircase to the Depths.
 29358 | Spider:1 | Entered Level 1 of the Spider Nest
 29662 | Spider:1 | Reached skill level 2 in Translocations
 29684 | Spider:1 | Reached skill level 2 in Spellcasting
 30273 | Spider:1 | Reached skill level 8 in Evocations
 30538 | Spider:1 | Reached skill level 12 in Invocations
 30575 | Spider:2 | Reached skill level 12 in Long Blades
 30597 | Spider:2 | Reached skill level 12 in Dodging
 30605 | Spider:2 | Gained mutation: You have a pair of large antennae on your
                  | head. (SInv) [demonic ancestry]
 30605 | Spider:2 | Reached XP level 16. HP: 129/129 MP: 11/25
 30609 | Spider:2 | Reached skill level 3 in Spellcasting
 30609 | Spider:2 | Reached skill level 3 in Translocations
 31672 | Spider:3 | Reached skill level 13 in Fighting
 32191 | Spider:4 | Entered Level 4 of the Spider Nest
 32659 | Spider:4 | Reached skill level 4 in Translocations
 32672 | Spider:4 | Reached skill level 4 in Spellcasting
 32686 | Spider:4 | Reached skill level 12 in Armour
 32772 | Spider:4 | Reached skill level 9 in Evocations
 33421 | Spider:4 | Reached skill level 13 in Invocations
 34368 | Spider:4 | Got a gossamer rune of Zot
 35148 | Shoals:1 | Entered Level 1 of the Shoals
 35215 | Lair:4   | Gained mutation: You have claws for hands. [demonic
                  | ancestry]
 35215 | Lair:4   | Reached XP level 17. HP: 88/137 MP: 26/26
 35402 | Shoals:1 | Reached skill level 5 in Translocations
 35572 | Shoals:1 | Reached skill level 5 in Spellcasting
 36032 | Shoals:1 | Noticed a kraken
 36300 | Shoals:1 | Got a glittering copper amulet
 36301 | Shoals:1 | Identified the amulet of Awinaof {Gourm rN+} (You found it
                  | on level 1 of the Shoals)
 38970 | Shoals:3 | HP: 3/137 [snapping turtle (12)]
 38972 | Shoals:3 | Slain by a merfolk

Vanquished Creatures
  Rupert (D:12)
  Jorgrun (Orc:2)
  Agnes (D:14)
  Gastronok (D:8)
  3 ghost moths (Spider:4)
  An orc warlord (Orc:2)
  4 emperor scorpions
  3 spark wasps
  Azrael (D:13)
  Snorg (Lair:3)
  An ettin (D:10)
  A merfolk javelineer (Shoals:1)
  A fire dragon (D:15)
  3 hydras
  A vault guard (D:13)
  An ice dragon (D:14)
  4 centaur warriors
  An anaconda (shapeshifter) (D:15)
  Erica (D:8)
  2 two-headed ogres
  An alligator snapping turtle (Shoals:2)
  A merfolk avatar (Lair:6)
  Urug (Orc:2)
  2 orc high priests (Orc:2)
  Sonja (D:10)
  An unseen horror (D:9)
  8 sea snakes
  A swamp dragon (shapeshifter) (D:13)
  9 harpies
  20 orb spiders
  3 orc knights
  A deep elf mage (D:10)
  39 wolf spiders
  6 orc sorcerers
  4 cyclopes
  A faun (Shoals:1)
  A manticore (shapeshifter) (D:14)
  7 manticores
  15 ugly things
  7 merfolk sirens
  12 elephants
  A moth of wrath (Spider:4)
  3 water nymphs
  3 black mambas
  10 spiny frogs
  A gargoyle (D:14)
  6 rime drakes
  11 komodo dragons
  A kobold demonologist (D:14)
  11 demonic crawlers
  4 yaktaurs (D:15)
  5 wind drakes
  14 merfolk
  8 hornets
  31 jumping spiders
  7 polar bears
  3 meliai (Spider:3)
  8 trolls
  A queen bee (Spider:3)
  Grinder (D:3)
  8 slime creatures
  5 snapping turtles
  14 blink frogs
  10 hippogriffs
  7 dream sheep (Lair:6)
  63 redbacks
  3 water elementals
  38 tarantellas
  A shadow (D:14)
  A tarantella (shapeshifter) (D:10)
  2 vampires
  2 wraiths (D:13)
  4 wyverns
  4 steam dragons
  41 yaks
  3 fire elementals (D:13)
  3 hungry ghosts
  6 basilisks
  2 wargs (Orc:1)
  4 vampire mosquitoes (D:13)
  An acid dragon (D:13)
  A hell hound (D:13)
  6 porcupines
  2 hornet zombies
  30 orc warriors
  3 sky beasts
  10 water moccasins
  6 ice beasts
  5 black bears
  2 necrophages
  16 centaurs
  12 ogres
  A phantom (D:5)
  13 wolves
  17 crocodiles
  3 big kobolds
  9 bullfrogs
  4 scorpions
  23 killer bees
  4 wights
  A vampire bat (Lair:1)
  3 electric eels
  3 howler monkeys
  5 crimson imps
  2 bullfrog zombies
  2 centaur zombies
  13 orc priests
  6 jellies
  25 orc wizards
  3 bullfrog skeletons
  3 centaur skeletons
  8 hounds
  Terence (D:3)
  3 iguanas
  11 worker ants
  A killer bee zombie (D:6)
  2 hound zombies
  A hound skeleton (D:8)
  Robin (D:2)
  A howler monkey skeleton (D:8)
  A worker ant zombie (D:8)
  18 adders
  5 shadow imps
  6 oozes
  An adder zombie (D:6)
  4 worms
  A dart slug (D:2)
  10 leopard geckos
  85 orcs
  16 bats
  5 giant cockroaches
  14 goblins
  13 hobgoblins
  10 jackals
  5 quokkas
  7 ball pythons
  6 frilled lizards
  21 kobolds
  2 leopard gecko skeletons (D:9)
  4 rats
  A fungus (Lair:5)
  3 plants (Shoals:2)
1025 creatures vanquished.

Vanquished Creatures (collateral kills)
  A plant (Shoals:2)
1 creature vanquished.

Vanquished Creatures (others)
  Maurice (D:11)
  A jumping spider (Spider:2)
  A vampire (D:14)
  A scorpion (D:8)
  A crimson imp (D:8)
  An orc (D:13)
  A kobold (D:15)
  A bush (D:5)
  14 fungi
  32 plants
  9 tentacles (Shoals:1)
63 creatures vanquished.

Grand Total: 1089 creatures vanquished
